 Dungeon Crawl Stone Soup version 0.27-a0-421-g7ddf969dea (webtiles) character file.

Game seed: 9641763992194371709

85 Anon1729 the Skirmisher (level 4, -4/35 HPs)
             Began as a Demonspawn Monk on Feb 26, 2021.
             Slain by a worm (9 damage)
             ... on level 2 of the Dungeon.
             The game lasted 00:01:21 (1478 turns).

Anon1729 the Skirmisher (Demonspawn Monk)           Turns: 1478, Time: 00:01:22

Health: -4/35      AC:  7    Str: 11    XL:     4   Next: 25%
Magic:  4/4        EV: 13    Int: 12    God:
Gold:   50         SH:  0    Dex: 16    Spells: 3/3 levels left

rFire    . . .     SeeInvis .   a - +0 short sword
rCold    + . .     Faith    .   (no shield)
rNeg     . . .     Spirit   .   d - +1 leather armour {rC+}
rPois    .         Reflect  .   (no helmet)
rElec    .         Harm     .   (no cloak)
rCorr    .         Rampage  .   (no gloves)
Will     .....                  (no boots)
Stlth    ++........             (no amulet)
HPRegen  0.11/turn              (no ring)
MPRegen  0.09/turn              (no ring)

@: no status effects
A: claws 1, molten scales 2
a: no special abilities


You were on level 2 of the Dungeon.
You visited 1 branch of the dungeon, and saw 2 of its levels.

You collected 50 gold pieces.

Inventory:

Hand Weapons
 a - a +0 short sword (weapon)
Armour
 b - a +0 robe
 d - a +1 leather armour of cold resistance (worn)
Scrolls
 h - a scroll of teleportation {unknown}
 i - a scroll of identify {unknown}
Potions
 c - a potion of ambrosia {unknown}
 e - a potion of heal wounds {unknown}
 f - a potion of curing {unknown}
 g - a potion of might {unknown}


   Skills:
 + Level 3.5 Fighting
 - Level 3.2 Short Blades
 - Level 0.1 Armour
 + Level 3.5 Dodging
 + Level 2.3 Stealth


You had 3 spell levels left.
You didn't know any spells.
Your spell library was empty.

Dungeon Overview and Level Annotations

Branches:
Dungeon (2/15)

Altars:


Innate Abilities, Weirdness & Mutations

You have sharp fingernails.
You are mostly covered in molten scales. (AC +3)


Message History

Unknown command.
You barely miss the hobgoblin. The hobgoblin barely misses you.
The hobgoblin closely misses you. The rat bites you but does no damage.
You hit the hobgoblin.
You kill the hobgoblin!
The hobgoblin hits you but does no damage.
The rat closely misses you. The hobgoblin closely misses you.
You see here a hobgoblin corpse.
You hit the hobgoblin.
The hobgoblin is almost dead.
The rat bites you but does no damage.
The hobgoblin hits you but does no damage.
You hit the hobgoblin.
You kill the hobgoblin!
The rat bites you but does no damage.
You hit the rat.
You kill the rat!
The worm bites you but does no damage.
You see here a rat corpse.
You hit the worm but do no damage. You hit the worm but do no damage.
The worm bites you.
You hit the worm but do no damage. You completely miss the worm.
The worm closely misses you.
You hit the worm.
The worm is moderately wounded.
The worm bites you!
* * * LOW HITPOINT WARNING * * *
You hit the worm.
The worm is moderately wounded.
A worm comes into view.
You hit the worm.
The worm is heavily wounded.
The worm bites you.
* * * LOW HITPOINT WARNING * * *
You hit the worm but do no damage.
The worm is moderately wounded.
You hit the worm.
The worm is heavily wounded.
The worm bites you!
You die...

######## #..#
#......# #..#
#......# ...#
#|†....# ##..#
#@w....# . ...#
#......# #.#
#..######......#
w...##..#...........#
#.....#..g..).....#
#.##...r....(.....#
#..#...........#
#..###.....#####
r..####.....#


You could see a worm.

Vanquished Creatures
  A hound (D:2)
  An adder (D:2)
  3 dart slugs (D:1)
  A leopard gecko (D:1)
  A ball python (D:1)
  3 giant cockroaches
  8 hobgoblins
  A jackal (D:1)
  7 bats
  4 goblins
  3 kobolds
  4 rats
37 creatures vanquished.

Notes
Turn   | Place    | Note
-------+----------+-------------------------------------------
     0 | D:1      | Anon1729 the Demonspawn Monk began the quest for the Orb.
     0 | D:1      | Reached XP level 1. HP: 18/18 MP: 1/1
   294 | D:1      | Gained mutation: You are partially covered in molten
                  | scales. (AC +2) [demonic ancestry]
   294 | D:1      | Reached XP level 2. HP: 24/24 MP: 2/2
   600 | D:1      | Gained mutation: You have sharp fingernails. [demonic
                  | ancestry]
   600 | D:1      | Reached XP level 3. HP: 24/29 MP: 3/3
  1463 | D:2      | Gained mutation: You are mostly covered in molten scales.
                  | (AC +3) [demonic ancestry]
  1463 | D:2      | Reached XP level 4. HP: 18/35 MP: 4/4
  1478 | D:2      | Slain by a worm

Illustrated notes

Levels and vault maps discovered:
D:1:      saegor_arrival_miasma, layout_loops_ring, st_stairs_11
D:2:      layout_basic, minmay_diced_spiral

Skill      XL: |  1  2  3 |
---------------+----------+-----
Dodging        | 3 |  3.5
Short Blades   | 3 |  3.2
Stealth        | 2 |  2.3
Fighting       | |  3.5
Armour         | |  0.1

Action                   |  1- 3 |  4- 6 || total
-------------------------+-------+-------++-------
Melee: Short sword       |   169 |    14 ||   183
Armor: Leather armour    |    55 |     6 ||    61
Dodge: Dodged            |   144 |     5 ||   149

Table legend: (Time is in decaauts)
 A = Elapsed time spent in this place.
 B = Non-inter-level travel time spent in this place.
 C = Inter-level travel time spent in this place.
 D = Time resting spent in this place.
 E = Time spent auto-exploring this place.
 F = Levels seen in this place.
 G = Mean time per level.
                   A        B        C        D        E       F      G
               +--------+--------+--------+--------+--------+-----+--------+
         Total |   1468 |   1457 |     11 |      0 |   1160 |   2 |  734.0 |
       Dungeon |   1468 |   1457 |     11 |      0 |   1160 |   2 |  734.0 |
               +--------+--------+--------+--------+--------+-----+--------+

Top non-repeatable levels by time:
     D:1: 1044 daAuts
     D:2: 423 daAuts
